 Dungeon Crawl Stone Soup version 0.29.1-1-gd02db6906a (webtiles) character file.

Game seed: 10317430103942708292

31635 bmorgan the Basher (level 13, -20/123 HPs)
             Began as a Troll Fighter on Oct 7, 2022.
             Was the Champion of Hepliaklqana.
             Demolished by a naga warrior
             ... wielding a +0 dire flail
              (38 damage)
             ... on level 3 of the Snake Pit on Oct 19, 2022.
             The game lasted 01:24:54 (9497 turns).

bmorgan the Basher (Troll Fighter)                  Turns: 9497, Time: 01:24:54

Health: -20/123    AC:  8    Str: 32    XL:     13   Next: 27%
Magic:  18/18      EV: 13    Int:  4    God:    Hepliaklqana [******]
Gold:   762        SH:  0    Dex: 11    Spells: 18/20 levels left

rFire   . . .      SeeInvis .   j - +9 demon whip (vamp)
rCold   . . .      Faith    .   (no shield)
rNeg    . . .      Spirit   .   n - +0 steam dragon scales
rPois   +          Reflect  .   e - +0 hat "Ridd" {Regen+ Str+3 Stlth-}
rElec   .          Harm     .   q - +0 cloak
rCorr   .          Rampage  .   (gloves unavailable)
Will    .....                   (boots unavailable)
Stlth   ..........              (no amulet)
HPRegen 1.90/turn               G - ring of poison resistance
MPRegen 0.16/turn               g - +4 ring of evasion

@: on berserk cooldown, slowed, constricted, very slow
A: reduced essence, large, unfitting armour, claws 3, regeneration 1, shaggy fur
1, tough skin 1
a: Renounce Religion, Recall Ancestor, Ancestor Identity, Transference, Idealise


You were on level 3 of the Snake Pit.
You worshipped Hepliaklqana.
Hepliaklqana was exalted by your worship.
You visited 3 branches of the dungeon, and saw 16 of its levels.

You collected 762 gold pieces.

Inventory:

Hand Weapons
 j - a +9 vampiric demon whip (weapon)
 p - a +4 quarterstaff of chaos
 H - the +4 whip "Toptis" {vorpal, rElec Will+ Int-2}
   (You found it on level 11 of the Dungeon)

   It inflicts extra damage upon your enemies.
   Int:       It affects your intelligence (-2).
   rElec:     It insulates you from electricity.
   Will:      It increases your willpower.
Missiles
 D - 5 boomerangs (quivered)
Armour
 a - a +0 robe
 e - the +0 hat "Ridd" (worn) {Regen+ Str+3 Stlth-}
   (You acquired it on level 4 of the Dungeon)

   Str:       It affects your strength (+3).
   Regen:     It increases your rate of health regeneration.
   Stlth:     It makes you less stealthy.
 n - +0 steam dragon scales (worn)
 q - a +0 cloak (worn)
Jewellery
 b - a +6 ring of intelligence
 c - a +4 ring of evasion
 g - a +4 ring of evasion (right claw)
 i - a ring of ice
 s - a ring of see invisible
 t - a ring of resist corrosion
 v - a ring of protection from cold
 B - a ring of flight
 G - a ring of poison resistance (left claw)
 J - a ring of positive energy
Wands
 w - a wand of mindburst (3)
 y - a wand of paralysis (7)
 A - a wand of quicksilver (3)
Scrolls
 h - a scroll of enchant armour
 l - a scroll of fog
 C - 2 scrolls of immolation {unknown}
 F - 3 scrolls of magic mapping {unknown}
 L - a scroll of silence
 M - a scroll of fear {unknown}
 N - 2 scrolls of amnesia {unknown}
Potions
 f - 2 potions of ambrosia
 k - 2 potions of berserk rage
 m - 4 potions of flight
 o - 7 potions of mutation
 r - 2 potions of brilliance
 u - 3 potions of resistance
 x - 3 potions of cancellation
 z - a potion of haste {unknown}
 O - a potion of curing
 P - a potion of lignification {unknown}
Miscellaneous
 I - a condenser vane (inert)
 K - a lightning rod (inert)


   Skills:
 + Level 11.0 Fighting
 + Level 12.9(13.0) Maces & Flails
 + Level 2.6(8.0) Staves
 - Level 1.0 Throwing
 + Level 8.1 Dodging
 + Level 3.4 Shields
 - Level 2.0 Unarmed Combat
 - Level 4.0 Spellcasting
 * Level 3.9 Evocations


You had 18 spell levels left.
You knew the following spells:

 Your Spells              Type           Power      Damage    Failure   Level
a - Passwall              Tmut/Erth      0%         N/A       50%         2

Your spell library contained the following spells:

 Spells                   Type           Power      Damage    Failure   Level
 Foxfire                  Conj/Fire      0%         2x1d4     36%         1
 Sandblast                Erth           0%         2d4       36%         1
 Sting                    Tmut/Pois      0%         1d3       36%         1
 Ensorcelled Hibernation  Hex/Ice        0%         N/A       50%         2
 Poisonous Vapours        Pois/Air       0%         N/A       50%         2
 Conjure Flame            Conj/Fire      0%         6-21      75%         3
 Gell's Gravitas          Tloc           0%         N/A       75%         3
 Inner Flame              Hex/Fire       0%         N/A       75%         3
 Stone Arrow              Conj/Erth      0%         3d7       75%         3
 Swiftness                Air            0%         N/A       75%         3
 Teleport Other           Tloc           0%         N/A       75%         3
 Flame Wave               Conj/Fire      0%         2d4       98%         4
 Hailstorm                Conj/Ice       0%         3d3       98%         4
 Ice Form                 Ice/Tmut       0%         N/A       98%         4
 Olgreb's Toxic Radiance  Pois           0%         N/A       98%         4
 Freezing Cloud           Conj/Ice/Air   0%         6-21      100%        5
 Dispersal                Tloc           0%         N/A       100%        6
 Simulacrum               Ice/Necr       0%         N/A       100%        6
 Polar Vortex             Ice            0%         N/A       100%        9


Dungeon Overview and Level Annotations

Branches:
Dungeon (11/15)            Temple (0/1) D:4            Lair (2/5) D:11
  Snake (3/4) Lair:2
  Swamp: Lair:2-3    Shoals: Lair:2-3       Orc: D:9-12

Altars:
Gozag
Hepliaklqana
Okawaru
Ru
Sif Muna
Trog
Vehumet

Shops:
D:5 :

Portals:
Ice
Cave: Snake:3

Annotations:
Snake:2 1 runed translucent door, Liforeniyw's ghost, adept MiBe
Snake:3 1 transporter


Innate Abilities, Weirdness & Mutations

Your life essence is reduced to manifest your ancestor. (-10% HP)
You are too large for most types of armour.
You have claws for hands.
Your natural rate of healing is unusually fast.
You are covered in fur. (AC +1)
You have tough skin. (AC +1)


Message History

Your black mamba barely misses the black mamba.
The black mamba bites your black mamba.
Your black mamba bites the black mamba.
The black mamba closely misses your black mamba.
Your black mamba misses the black mamba.
The black mamba barely misses your black mamba.
Your black mamba barely misses the black mamba.
The black mamba barely misses your black mamba.
Your black mamba bites the black mamba.
Your black mamba bites the black mamba!
The black mamba dies!
Your Fighting skill increases to level 11!
Your black mamba bites the lindwurm simulacrum!
Your black mamba closely misses the black mamba.
Your black mamba bites the black mamba.
The black mamba misses your black mamba.
Your black mamba bites the black mamba!
The black mamba dies!
The salamander hits your black mamba with a +0 spear.
Your black mamba is engulfed in flames!
Your black mamba bites the salamander!
The salamander closely misses your black mamba.
Your black mamba bites the salamander! x2
The naga warrior hits your black mamba with a +0 dire flail!!
Your black mamba dies!
Your black mamba's corpse dissolves into shadows!
Okay, then.
You feel much better.
The naga warrior roars a battlecry!
The salamander goes into a battle-frenzy!
The salamander hits you from afar with a +0 spear.
You are engulfed in flames!
Okay, then.
Okay, then.
The salamander misses you.
The salamander hits you from afar with a +4 halberd!!
* * * LOW HITPOINT WARNING * * *
You are engulfed in flames!
* * * LOW HITPOINT WARNING * * *
The anaconda simulacrum grabs you. The anaconda simulacrum misses you.
The anaconda simulacrum constricts you.
The naga warrior hits you with a +0 dire flail!!!
You die...

. #.##...##.#..#.#
$$....$)$....$$#.#
?.8..♣⌠♣..8.) #.#
###############.#
......©.........#
#######...#########
....###..##
####...#.##
....#.Z@#
#..#N#######
##.NN......#
##.N.S..NN#..
###.S.......
.....NZZ.......
....ZNZ..#####.
....Z....#
......####


You could see a naga warrior, 2 salamanders, a naga (strong) and an anaconda
simulacrum.

Vanquished Creatures
  A nagaraja (Snake:3)
  4 boulder beetles
  2 two-headed ogres
  An anaconda (Snake:3)
  2 naga sharpshooters (Snake:3)
  A salamander (Snake:2)
  A mana viper (Snake:2)
  Maurice (D:9)
  6 elephants (Lair:2)
  A guardian serpent (Snake:2)
  Joseph (D:10)
  4 black mambas
  3 cane toads
  3 rime drakes
  2 komodo dragons
  A kobold demonologist (D:10)
  A polar bear (Lair:2)
  A blink frog (Lair:2)
  A wyvern (Lair:2)
  A wraith (D:10)
  21 yaks
  3 steam dragons
  A harpy simulacrum (Snake:3)
  2 acid dragons
  3 swamp worms (D:10)
  2 wargs (D:11)
  8 nagas
  6 water moccasins
  4 orc warriors
  An ice beast (D:6)
  11 wolves (Lair:2)
  2 ogres
  3 centaurs
  2 phantoms (D:5)
  4 kobold brigands
  4 bullfrogs
  5 scorpions
  A deep troll simulacrum (Snake:3)
  9 wights
  5 killer bees (D:8)
  A vampire bat (Lair:1)
  3 jellies
  3 orc priests
  Crazy Yiuf (D:2)
  4 hounds
  3 iguanas
  4 orc wizards
  8 gnolls
  3 adders
  2 shadow imps
  A white imp (D:7)
  An ufetubus (D:7)
  A worm (D:2)
  A dart slug (D:1)
  13 orcs
  4 ball pythons
  3 endoplasms
  5 giant cockroaches
  4 goblins (D:3)
  6 hobgoblins
  2 jackals (D:4)
  8 kobolds
  6 bats
  A frilled lizard (D:3)
  A rat (D:1)
224 creatures vanquished.

Vanquished Creatures (collateral kills)
  An elephant (Lair:2)
  A manticore (D:11)
  3 black mambas (Snake:3)
  A komodo dragon (Lair:2)
  A kobold demonologist (D:10)
  An anaconda simulacrum (Snake:3)
  4 blink frogs (Lair:2)
  12 yaks
  4 basilisks
  A steam dragon (D:6)
  A naga (Snake:3)
  A warg (D:11)
  A water moccasin (Lair:2)
  2 ogres
  A centaur (D:10)
  3 wolves (Lair:2)
  A phantom (D:6)
  2 kobold brigands
  2 bullfrogs (Lair:2)
  A wight (D:8)
  5 killer bees
  A vampire bat (Lair:1)
  3 howler monkeys
  A hound (D:6)
  A gnoll bouda (D:4)
  An orc priest (D:5)
  An orc wizard (D:8)
  An adder (D:4)
  A shadow imp (D:7)
  A white imp (D:7)
  An ufetubus (D:6)
  13 orcs
  3 ball pythons
  A giant cockroach (D:3)
  2 jackals (D:4)
  2 bats (Lair:1)
  5 kobolds
  A rat (D:3)
88 creatures vanquished.

Vanquished Creatures (others)
  An orc wizard (D:8)
  10 battlemagi
  An ancestor (D:2)
  4 fungi (Lair:2)
  8 plants
24 creatures vanquished.

Grand Total: 336 creatures vanquished

Notes
Turn   | Place    | Note
-------+----------+-------------------------------------------
     0 | D:1      | bmorgan the Troll Fighter began the quest for the Orb.
     0 | D:1      | Reached XP level 1. HP: 22/22 MP: 0/0
   168 | D:1      | Reached XP level 2. HP: 29/29 MP: 1/1
   357 | D:1      | Found a faded altar of an unknown god.
   362 | D:1      | Prayed at the altar of an unknown god.
   362 | D:1      | Became a worshipper of Hepliaklqana the Forgotten
   362 | D:1      | Reached * piety under Hepliaklqana
   784 | D:2      | Reached XP level 3. HP: 32/32 MP: 2/2
  1254 | D:2      | Reached ** piety under Hepliaklqana
  1255 | D:2      | Remembered your ancestor bibba as a battlemage
  1420 | D:2      | Found a runed translucent door.
  1421 | D:2      | Noticed Crazy Yiuf
  1426 | D:2      | Killed Crazy Yiuf
  1581 | D:3      | Reached XP level 4. HP: 40/40 MP: 3/3
  1744 | D:3      | You fall into a shaft and drop 2 floors!
  1744 | D:5      | Entered Level 5 of the Dungeon
  1770 | D:5      | Reached skill level 1 in Maces & Flails
  1825 | D:5      | Noticed a phantom
  1842 | D:5      | Killed a phantom
  1843 | D:5      | Reached skill level 1 in Staves
  1843 | D:5      | Reached XP level 5. HP: 14/48 MP: 4/4
  1958 | D:5      | Reached XP level 6. HP: 55/55 MP: 5/5
  1998 | D:5      | Found Gaziakavvi's Book Shop.
  2041 | D:4      | Identified 2 scrolls of acquirement
  2042 | D:4      | Acquired a +6 vampiric demon whip
  2045 | D:4      | Acquired the +0 hat "Ridd" {Regen+ Str+3 Stlth-}
  2261 | D:4      | Reached skill level 2 in Maces & Flails
  2450 | D:4      | Found a staircase to the Ecumenical Temple.
  2483 | D:4      | Reached XP level 7. HP: 63/63 MP: 6/6
  2724 | D:4      | Reached *** piety under Hepliaklqana
  2977 | D:3      | Found an iron altar of Okawaru.
  3286 | D:5      | Reached skill level 5 in Fighting
  3286 | D:5      | Reached skill level 3 in Maces & Flails
  3427 | D:5      | Learned a level 2 spell: Passwall
  3493 | D:5      | Found a shimmering blue altar of Sif Muna.
  3680 | D:6      | Reached XP level 8. HP: 71/72 MP: 7/7
  3681 | D:6      | Reached skill level 4 in Maces & Flails
  3796 | D:6      | Reached skill level 5 in Maces & Flails
  3893 | D:6      | Found a sacrificial altar of Ru.
  4065 | D:6      | Found a bloodstained altar of Trog.
  4072 | D:6      | Reached XP level 9. HP: 69/82 MP: 8/8
  4082 | D:6      | Reached skill level 6 in Maces & Flails
  4156 | D:7      | Noticed a two-headed ogre
  4164 | D:7      | Killed a two-headed ogre
  4165 | D:7      | Reached skill level 7 in Maces & Flails
  4259 | D:7      | Reached **** piety under Hepliaklqana
  4910 | D:8      | Reached skill level 1 in Spellcasting
  4930 | D:8      | Reached skill level 8 in Maces & Flails
  4955 | D:8      | Reached XP level 10. HP: 47/89 MP: 10/10
  5015 | D:8      | Noticed a two-headed ogre
  5029 | D:8      | Killed a two-headed ogre
  5030 | D:8      | Reached skill level 5 in Dodging
  5509 | D:9      | Noticed Maurice
  5516 | D:9      | Paralysed by Maurice for 3 turns
  5520 | D:9      | Killed Maurice
  5521 | D:9      | Reached skill level 9 in Maces & Flails
  5562 | D:9      | Noticed a soul eater
  5575 | D:9      | Noticed an orange demon
  5585 | D:10     | Entered Level 10 of the Dungeon
  5765 | D:10     | Noticed Joseph
  5778 | D:10     | Killed Joseph
  6003 | D:10     | Reached XP level 11. HP: 101/101 MP: 14/14
  6061 | D:10     | Reached skill level 10 in Maces & Flails
  6078 | D:10     | Reached ***** piety under Hepliaklqana
  6126 | D:10     | Found an opulent altar of Gozag.
  6617 | D:11     | Found a staircase to the Lair.
  6771 | D:11     | Noticed a boulder beetle
  6785 | D:11     | Killed a boulder beetle
  6854 | D:11     | Identified the +4 whip "Toptis" {vorpal, rElec Will+ Int-2}
  6902 | D:11     | Noticed a boulder beetle
  6922 | D:11     | Killed a boulder beetle
  7069 | Lair:1   | Entered Level 1 of the Lair of Beasts
  7228 | Lair:1   | Noticed a boulder beetle
  7230 | Lair:1   | Reached skill level 11 in Maces & Flails
  7240 | Lair:1   | Killed a boulder beetle
  7359 | Lair:1   | Reached skill level 1 in Throwing
  7441 | Lair:1   | Reached XP level 12. HP: 111/111 MP: 17/17
  8108 | Lair:2   | Found a staircase to the Snake Pit.
  8156 | Lair:2   | Reached skill level 1 in Evocations
  8273 | Lair:2   | Reached skill level 12 in Maces & Flails
  8307 | Lair:2   | Reached skill level 10 in Fighting
  8386 | Lair:2   | Noticed a boulder beetle
  8404 | Lair:2   | Killed a boulder beetle
  8630 | Lair:2   | Reached ****** piety under Hepliaklqana
  9010 | Snake:1  | Entered Level 1 of the Snake Pit
  9016 | Snake:1  | You fall into a shaft and drop 1 floor!
  9094 | Snake:2  | Found a runed translucent door.
  9095 | Snake:2  | Noticed Liforeniyw's ghost (adept MiBe)
  9257 | Snake:2  | Reached XP level 13. HP: 118/121 MP: 18/18
  9296 | Snake:3  | Noticed a nagaraja
  9311 | Snake:3  | Killed a nagaraja
  9387 | Snake:3  | Found a transporter.
  9396 | Snake:3  | Found a radiant altar of Vehumet.
  9421 | Snake:3  | Noticed a nagaraja
  9421 | Snake:3  | Noticed a nagaraja
  9470 | Snake:3  | Found a frozen archway.
  9497 | Snake:3  | Demolished by a naga warrior

Illustrated notes

Levels and vault maps discovered:
D:1:      lemuel_arrival_rhombus, layout_basic, ebering_ecumenical_altar_webs,
          minmay_3d_cube
D:2:      layout_basic, st_stairs_9, uniq_crazy_yiuf_cottage
D:3:      minmay_thinvault, layout_basic,
          mainiacjoe_overflow_concentric_impassable, serial_park_tiny_1
D:4:      nicolae_cairo_tiling_very_big, layout_basic,
          minmay_temple_entry_mini_moons
D:5:      layout_loops_ring, mainiacjoe_overflow_alcove_4, serial_shops,
          nicolae_take_the_stairs
D:6:      minmay_spotlight, layout_rooms, nicolae_ru_the_path_less_chosen,
          trog_butcher_becter
D:7:      layout_cave_pods
D:8:      layout_rooms, hangedman_abyss_or_decor_clamps
D:9:      layout_basic, mainiacjoe_overflow_alcove_2, uniq_maurice
D:10:     layout_cave_pools, grunt_gozag_breadcrumbs, kennysheep_path_1,
          worms_lemuel, uniq_joseph
D:11:     layout_irregular_city, erik_lair_orcish_takeover,
          dreamdust_princess_bridge
Lair:1:   layout_cave_pods, roderic_batcave, grunt_megastairs_5
Lair:2:   layout_cave_shapes, minmay_snake_entry_guardpost_medium
Snake:1:  layout_grid_shapes, gammafunk_ghost_cemetery, st_stairs_9,
          serial_bayou_pond_e, hangedman_snake_corridor_split,
          grunt_megastairs_2
Snake:2:  nrook_guardian_serpent_snake_passage, layout_layer_cave, serial_shops,
          shop, ebering_ghost_reflecting_pool
Snake:3:  gammafunk_sealed_library, layout_misc_corridors,
          portal_ice_cave_entry_ice_simulacra

Skill      XL: |  1  2  3  4  5  6  7  8  9 10 11 12 13 |
---------------+----------------------------------------+-----
Shields        | 3 |  3.4
Fighting       | 3 4 5 6 7 8 9 10 11 | 11.0
Maces & Flails | 1 2 3 5 8 9 11 12 | 12.9
Staves         | 1 2 |  2.6
Dodging        | 3 4 5 6 7 8 |  8.1
Spellcasting   | 1 2 4 |  4.0
Throwing       | 1 |  1.0
Evocations     | 3 |  3.9
Unarmed Combat | |  2.0

Action                   |  1- 3 |  4- 6 |  7- 9 | 10-12 | 13-15 || total
-------------------------+-------+-------+-------+-------+-------++-------
Melee: Unarmed           |    11 |       |       |       |       ||    11
       Whip              |    36 |       |       |       |       ||    36
       Quarterstaff      |       |    35 |       |       |       ||    35
       Demon whip        |       |    34 |   166 |   469 |    39 ||   708
       Punch             |       |       |     3 |     9 |     1 ||    13
Throw: Boomerang         |       |       |       |    13 |     2 ||    15
Invok: Ancestor Life: Ba |     1 |       |       |       |       ||     1
       Ancestor Identity |     1 |       |       |       |       ||     1
       Recall Ancestor   |       |     1 |       |     1 |       ||     2
Evoke: Lightning rod     |       |       |       |     4 |     4 ||     8
       Condenser vane    |       |       |       |     1 |       ||     1
  Use: Scroll            |     7 |     3 |    10 |     8 |     1 ||    29
       Potion            |       |     5 |     4 |     6 |     2 ||    17
 Stab: Distracted        |       |       |     2 |     5 |     1 ||     8
Armor: Robe              |     7 |    22 |    25 |       |       ||    54
       Steam dragon scal |       |       |       |    74 |     7 ||    81
Dodge: Dodged            |    14 |    44 |    98 |   287 |    18 ||   461
Block: Kite shield       |    15 |       |       |       |       ||    15
